 Dungeon Crawl Stone Soup version 0.19.0-19-g8c6edcc (webtiles) character file.

128466 grisgris the Peltast (level 17, 0/108 HPs)
             Began as a Gargoyle Fighter on Nov 13, 2016.
             Was the Champion of Qazlal.
             Slain by an Ice Fiend (10 damage)
             ... in an ice cave.
             The game lasted 01:58:39 (29484 turns).

grisgris the Peltast (Gargoyle Fighter)            Turns: 29484, Time: 01:58:40

Health: 0/108      AC: 42    Str: 25    XL:     17   Next: 3%
Magic:  23/23      EV: 10    Int: 11    God:    Qazlal [******]
Gold:   988        SH:  0    Dex: 11    Spells: 0 memorised, 16 levels left

rFire  + . .     SeeInvis +     E - +8 whip of Isaciar {slash, rN+ Dex+2}
rCold  + + .     Gourm    +     L - +2 plate armour {rF+}
rNeg   + + .     Faith    .     c - +0 shield
rPois  ∞         Spirit   .     M - +2 helmet {SInv}
rElec  +         Reflect  .     s - +2 cloak
rCorr  +         Harm     .     k - +2 pair of gloves
MR     +....                    (no boots)
Stlth  ..........               P - amulet of the gourmand
                                a - ring of resist corrosion
                                V - ring of protection from cold

@: confused, protected from cold, repel missiles
A: big wings, thin metallic scales 1, negative energy resistance 1, electricity
resistance, unbreathing, petrification resistance, rot immunity, AC +12
a: Fly, Upheaval, Elemental Force, Disaster Area, Renounce Religion


You were in an ice cave.
You worshipped Qazlal.
Qazlal was exalted by your worship.
You were not hungry.

You visited 5 branches of the dungeon, and saw 26 of its levels.
You also visited: Sewer and Ice Cave.

You collected 2510 gold pieces.
You spent 1522 gold pieces at shops.

Inventory:

Hand Weapons
 p - a +4 morningstar of flaming
 D - the +2 flail of Laceration {drain, rPois rC+ MP+9}
   (You bought it in a shop on level 13 of the Dungeon)

   A truly terrible weapon, it drains the life of those it strikes.
   It protects you from cold.
   It protects you from poison.
   It affects your magic capacity (+9).
 E - the +8 whip of Isaciar (weapon) {slash, rN+ Dex+2}
   (You bought it in a shop on level 2 of the Orcish Mines)

   It inflicts extra damage upon your enemies.
   It affects your dexterity (+2).
   It protects you from negative energy.
Armour
 c - a +0 shield (worn)
 h - a +0 helmet
 k - a +2 pair of gloves (worn)
 s - a +2 cloak (worn)
 y - the +1 chain mail of the Soldier {rCorr Int+4}
   (You found it on level 9 of the Dungeon)

   It affects your intelligence (+4).
   It protects you from acid and corrosion.
 L - a +2 plate armour of fire resistance (worn)
 M - a +2 helmet of see invisible (worn)
Jewellery
 a - a ring of resist corrosion (right hand)
 b - an uncursed amulet of faith
 t - an uncursed ring of positive energy
 C - an uncursed ring of see invisible
 P - an amulet of the gourmand (around neck)
 V - a ring of protection from cold (left hand)
 Y - an uncursed ring of protection from fire
Wands
 d - a wand of disintegration (11/24)
 l - a wand of confusion (48/48)
 n - a wand of random effects (20/48)
 r - a wand of digging (15/24)
 u - a wand of random effects (41/48)
 v - a wand of acid (15/15)
 A - a wand of teleportation (1/9)
 J - a wand of acid (14/15)
 Q - a wand of iceblast (12/15)
 S - a wand of lightning (10/15)
 T - a wand of acid (5/15)
Scrolls
 i - 7 scrolls of fog
 o - 4 scrolls of fear
 q - 2 scrolls of remove curse
 w - 2 scrolls of identify
 B - 2 scrolls of blinking
 F - a scroll of amnesia
 O - a scroll of enchant armour
 R - 2 scrolls of magic mapping
 W - 4 scrolls of teleportation
Potions
 j - a potion of brilliance
 m - a potion of flight
 U - 3 potions of cancellation
Books
 e - a book of Clouds

   Spells                             Type                      Level
   a - Mephitic Cloud                 Conjuration/Poison/Air       3
   b - Conjure Flame                  Conjuration/Fire             3
   c - Poisonous Cloud                Conjuration/Poison/Air       6
   d - Freezing Cloud                 Conjuration/Ice/Air          6
   e - Ring of Flames                 Charms/Fire                  7
 G - a book of Changes

   Spells                             Type                      Level
   a - Beastly Appendage              Transmutation                1
   b - Sticks to Snakes               Transmutation                2
   c - Spider Form                    Transmutation/Poison         3
   d - Ice Form                       Ice/Transmutation            4
   e - Blade Hands                    Transmutation                5
 I - a book of Debilitation

   Spells                             Type                      Level
   a - Corona                         Hexes                        1
   b - Slow                           Hexes                        2
   c - Gell's Gravitas                Hexes/Translocation          3
   d - Inner Flame                    Hexes/Fire                   3
   e - Cause Fear                     Hexes                        4
   f - Leda's Liquefaction            Hexes/Earth                  4
Comestibles
 f - 21 bread rations
 g - 3 beef jerkies
 x - a slice of pizza
 H - 2 fruits
 K - a meat ration
 N - a royal jelly


   Skills:
 + Level 13.0 Fighting
 + Level 16.7 Maces & Flails
 + Level 11.3 Armour
 + Level 6.1 Dodging
 - Level 0.2 Stealth
 + Level 17.4 Shields
 * Level 8.5 Invocations


You had 16 spell levels left.
You didn't know any spells.

Dungeon Overview and Level Annotations

Branches:
Dungeon (15/15)            Temple (1/1) D:6            Lair (6/6) D:8
  Swamp (2/4) Lair:4       Spider (0/4) Lair:3        Slime (0/5) Lair:6
    Orc (2/2) D:11            Elf (0/3) Orc:2        Vaults (0/5) D:14
 Depths (0/5) D:15

Altars:
Ashenzari
Cheibriados
Dithmenos
Gozag
Hepliaklqana
Kikubaaqudgha
Makhleb
Okawaru
Qazlal
Uskayaw
Vehumet
Xom
Yredelemnul
Beogh
Jiyva

Shops:
D:11 %   D:13 (   Orc:2 [(%(


Innate Abilities, Weirdness & Mutations

You are resistant to torment.
Your stone body is resilient. (AC +12)
You are immune to poison.
Your large and strong wings let you fly indefinitely.
You resist negative energy. (rN+)
You are resistant to electric shocks. (rElec)
You can survive without breathing.
You are immune to petrification.
You are immune to rotting.
You are partially covered in thin metallic scales. (AC +2)


Message History

The Ice Fiend barely misses you. The Ice Fiend closely misses you.
You bump into the ice covered rock wall.
The Ice Fiend claws you but does no damage.
The Ice Fiend claws you.
* * * LOW HITPOINT WARNING * * *
The Ice Fiend freezes you! You resist.
* * * LOW HITPOINT WARNING * * *
You hit the Ice Fiend.
The Ice Fiend is severely wounded.
You hit the Ice Fiend.
The Ice Fiend is severely wounded.
The Ice Fiend gestures at you. The bolt of cold hits you! You resist.
* * * LOW HITPOINT WARNING * * *
You completely miss the Ice Fiend.
The Ice Fiend is severely wounded.
You're too confused to move!
The Ice Fiend claws you but does no damage.
The Ice Fiend claws you!
You die...

##.# #..#
##.## #..#
## ###
#.## .#
##.##
##.##.#
##...#
#.#.##
##..#1#
##...#
#...#@##
#.#.#
##..###.#
###.##
##...###.#
##.#
#...###..#
##.#
##..##
#..# #..#
#...# #.##
#.## #...#
#..## #.##
##..##
##..# ##.#
#..#####
#..# ##.#


You could see an Ice Fiend.

Vanquished Creatures
  2 entropy weavers
  Josephine (D:10)
  2 vault guards (D:14)
  The ghost of UnlimitedFusion the Covert, a journeyman NaWz of Sif Muna (Orc:2)
  An ice dragon (Swamp:2)
  9 hydras
  5 centaur warriors
  The ghost of heinrich the Grappler, a novice TrMo of Ru (Orc:1)
  Erica (D:9)
  4 alligators (Swamp:1)
  A queen ant (Lair:6)
  6 death yaks (Lair:5)
  4 orc high priests
  2 swamp dragons (Swamp:1)
  6 hill giants
  2 wizards (D:14)
  5 unseen horrors
  4 orc knights (Orc:2)
  A deep elf archer (D:14)
  2 wolf spider zombies
  A necromancer (D:14)
  2 wolf spiders
  4 orc sorcerers
  A cyclops (D:12)
  12 ugly things
  A moth of wrath (Lair:3)
  2 manticores
  15 elephants
  A black mamba (shapeshifter) (D:13)
  15 black mambas
  2 centaur zombies
  A guardian serpent (Lair:6)
  A torpor snail (Lair:6)
  An ice statue (IceCv)
  19 spiny frogs
  5 freezing wraiths
  5 ice devils (IceCv)
  2 efreet
  A kobold demonologist (D:10)
  3 rime drakes
  A yaktaur (D:14)
  8 komodo dragons
  A redback zombie (D:13)
  4 anaconda simulacra (IceCv)
  A polar bear (Lair:4)
  A jumping spider (Lair:3)
  A hornet (shapeshifter) (D:15)
  3 golden dragon simulacra (IceCv)
  3 meliai (D:15)
  8 trolls
  2 two-headed ogres
  3 tyrant leeches
  7 hornets
  16 dream sheep
  2 harpy skeletons (D:15)
  14 blink frogs
  7 slime creatures
  10 hippogriffs
  A bog body (Swamp:1)
  2 spriggans
  3 water elementals (D:15)
  3 shadows
  5 wyverns
  2 redbacks (Lair:6)
  44 yaks
  7 wraiths
  Eustachio (D:6)
  20 humans
  2 basilisks
  A hog (shapeshifter) (D:15)
  7 hungry ghosts
  11 vampire mosquitoes
  5 harpy simulacra (IceCv)
  27 soldier ants
  4 wargs
  Menkaure (D:4)
  A mottled dragon (D:15)
  3 iron troll simulacra (IceCv)
  5 swamp worms
  Edmund (D:4)
  Duvessa (D:6)
  A naga (shapeshifter) (D:15)
  An insubstantial wisp (Lair:4)
  22 water moccasins
  2 hydra simulacra (IceCv)
  10 porcupines
  A swamp drake (Swamp:1)
  25 orc warriors
  2 ice beasts
  3 black bears
  2 alligator simulacra (IceCv)
  An ettin simulacrum (IceCv)
  4 phantoms
  2 eyes of draining
  3 sky beasts
  A necrophage (D:6)
  6 ogres
  8 wolves
  6 boggarts (D:15)
  29 centaurs
  A big kobold (shapeshifter) (D:15)
  10 crocodiles
  13 big kobolds
  Blork the orc (D:4)
  22 bullfrogs
  2 wyvern zombies
  A water moccasin zombie (D:8)
  A gnoll sergeant (Orc:2)
  Dowan (D:6)
  A wyvern skeleton (D:9)
  2 scorpions
  10 killer bees
  A swamp dragon simulacrum (IceCv)
  10 wights
  An electric eel (Lair:1)
  9 crimson imps
  3 howler monkeys
  A draconian simulacrum (IceCv)
  4 jellies
  14 orc priests
  8 centaur skeletons
  A gnoll shaman (Orc:2)
  11 hounds
  29 orc wizards
  Jessica (D:2)
  4 iguanas
  Natasha (twice) (D:2)
  35 worker ants
  A wolf simulacrum (IceCv)
  2 troll simulacra (IceCv)
  2 killer bee zombies
  5 centaur simulacra (IceCv)
  A hound zombie (D:6)
  A howler monkey zombie (D:6)
  27 adders
  22 gnolls
  A howler monkey skeleton (D:9)
  An ogre simulacrum (IceCv)
  3 naga simulacra (IceCv)
  A river rat (Lair:6)
  5 shadow imps
  11 white imps (IceCv)
  3 ufetubi (IceCv)
  9 oozes
  An adder zombie (D:8)
  2 adder skeletons
  5 worms
  3 dart slugs
  12 leopard geckos
  89 orcs
  25 giant cockroaches
  10 goblins
  5 hobgoblins
  20 jackals
  6 quokkas
  13 ball pythons (Sewer)
  5 bats
  22 frilled lizards
  A jackal skeleton (D:6)
  A jackal zombie (D:6)
  26 kobolds
  A quokka skeleton (D:6)
  A quokka zombie (D:7)
  6 rats
  26 fungi
  17 plants
1123 creatures vanquished.

Vanquished Creatures (others)
  An unseen horror (D:13)
  A boggart (D:15)
  An orc priest (Orc:2)
  A bush (Lair:6)
  27 fungi
  18 plants
49 creatures vanquished.

Grand Total: 1172 creatures vanquished

Notes
Turn   | Place    | Note
-------+----------+-------------------------------------------
     0 | D:1      | grisgris the Gargoyle Fighter began the quest for the Orb.
     0 | D:1      | Reached XP level 1. HP: 14/14 MP: 1/1
   202 | D:1      | Reached XP level 2. HP: 15/19 MP: 2/2
   252 | D:2      | Reached XP level 3. HP: 22/23 MP: 3/3
   657 | D:3      | Reached skill level 4 in Shields
   694 | D:3      | Reached XP level 4. HP: 27/29 MP: 4/4
  1954 | D:2      | Reached XP level 5. HP: 28/33 MP: 5/5
  2201 | D:2      | Noticed Natasha
  2213 | D:2      | Killed Natasha
  2443 | D:2      | Reached skill level 1 in Dodging
  2497 | D:2      | Noticed Jessica
  2516 | D:2      | Killed Jessica
  2561 | D:2      | Reached XP level 6. HP: 35/38 MP: 6/6
  2630 | D:2      | Noticed Natasha
  2633 | D:2      | Found a basalt altar of Yredelemnul.
  2650 | D:2      | Killed Natasha
  2937 | D:4      | Noticed Edmund
  2975 | D:4      | Killed Edmund
  2975 | D:4      | Reached skill level 5 in Shields
  3082 | D:4      | Noticed Blork the orc
  3109 | D:4      | Killed Blork the orc
  3109 | D:4      | Reached XP level 7. HP: 34/44 MP: 7/7
  3948 | D:4      | Noticed Menkaure
  3956 | D:4      | Killed Menkaure
  3956 | D:4      | Reached skill level 5 in Maces & Flails
  3956 | D:4      | Reached skill level 5 in Armour
  3981 | D:5      | Entered Level 5 of the Dungeon
  4029 | D:4      | Reached XP level 8. HP: 23/48 MP: 8/8
  4454 | D:5      | Found a glowing drain.
  4535 | Sewer    | Entered a sewer
  4753 | Sewer    | Reached skill level 6 in Shields
  4806 | Sewer    | Reached skill level 5 in Fighting
  5459 | D:6      | Noticed Duvessa
  5459 | D:6      | Noticed Dowan
  5852 | D:5      | Reached XP level 9. HP: 28/54 MP: 9/9
  6418 | D:6      | Killed Duvessa
  6418 | D:6      | Reached skill level 7 in Shields
  6516 | D:6      | Killed Dowan
  6544 | D:6      | Noticed Eustachio
  6638 | D:6      | Killed Eustachio
  7350 | D:6      | Found a staircase to the Ecumenical Temple.
  7359 | Temple   | Entered the Ecumenical Temple
  7425 | Temple   | Became a worshipper of Qazlal Stormbringer
  7439 | D:6      | Gained mutation: You are partially covered in thin metallic scales. (AC +2) [potion of beneficial mutation]
  8562 | D:8      | Found a staircase to the Lair.
  8576 | Lair:1   | Entered Level 1 of the Lair of Beasts
  8609 | D:8      | Reached XP level 10. HP: 32/60 MP: 10/10
  8616 | D:8      | Reached skill level 8 in Shields
  9150 | D:8      | Reached * piety under Qazlal
  9235 | D:8      | Got a dazzling cloak
  9246 | D:8      | Identified the +0 cloak of Luot {+Blink rPois rF- Int+4} (You found it on level 8 of the Dungeon)
  9672 | Lair:1   | Reached skill level 10 in Maces & Flails
  9975 | Lair:1   | Noticed a black mamba
  9984 | Lair:1   | Killed a black mamba
 10053 | Lair:1   | Reached skill level 9 in Shields
 10179 | Lair:1   | Noticed a spiny frog
 10193 | Lair:1   | Killed a spiny frog
 10193 | Lair:1   | Reached XP level 11. HP: 56/67 MP: 11/11
 10546 | Lair:1   | Noticed a seven-headed hydra
 10553 | Lair:1   | Killed a seven-headed hydra
 10575 | Lair:1   | Noticed a five-headed hydra
 10583 | Lair:1   | Killed a five-headed hydra
 10900 | Lair:2   | Noticed a six-headed hydra
 10910 | Lair:2   | Killed a six-headed hydra
 10910 | Lair:2   | Reached ** piety under Qazlal
 10910 | Lair:2   | Reached skill level 10 in Shields
 11472 | Lair:2   | Reached XP level 12. HP: 66/74 MP: 12/12
 12568 | Lair:3   | Found a hole to the Spider Nest.
 12860 | Lair:3   | Reached skill level 11 in Shields
 13294 | Lair:4   | Reached *** piety under Qazlal
 13517 | Lair:4   | Found a staircase to the Swamp.
 14201 | Lair:5   | Reached XP level 13. HP: 80/80 MP: 13/13
 14315 | Lair:5   | Reached skill level 12 in Shields
 15067 | Lair:5   | Reached **** piety under Qazlal
 15099 | Lair:6   | Entered Level 6 of the Lair of Beasts
 15717 | Lair:6   | Noticed an entropy weaver
 15732 | Lair:6   | Noticed an entropy weaver
 15745 | Lair:5   | Killed an entropy weaver
 15745 | Lair:5   | Reached skill level 10 in Fighting
 15745 | Lair:5   | Reached skill level 5 in Dodging
 15973 | Lair:6   | Reached skill level 13 in Shields
 16369 | Lair:5   | Gained mutation: Your large and strong wings let you fly indefinitely. [Gargoyle growth]
 16369 | Lair:5   | Reached XP level 14. HP: 82/88 MP: 14/14
 16398 | Lair:6   | Reached ***** piety under Qazlal
 16689 | Lair:6   | Reached skill level 15 in Maces & Flails
 16842 | Lair:6   | Reached skill level 10 in Armour
 16856 | Lair:6   | Reached skill level 14 in Shields
 17042 | Lair:6   | Found a viscous altar of Jiyva.
 17042 | Lair:6   | Found a staircase to the Slime Pits.
 17103 | Lair:6   | Killed an entropy weaver
 18382 | D:9      | Noticed Erica
 18400 | D:9      | Killed Erica
 18548 | D:9      | Found an iron altar of Okawaru.
 18901 | D:9      | Got a bloodstained chain mail
 18912 | D:9      | Identified the +1 chain mail of the Soldier {rCorr Int+4} (You found it on level 9 of the Dungeon)
 19205 | D:10     | Entered Level 10 of the Dungeon
 19249 | D:10     | Reached skill level 1 in Invocations
 19341 | D:10     | Noticed Josephine
 19354 | D:10     | Killed Josephine
 19366 | D:10     | Reached ****** piety under Qazlal
 19578 | D:10     | Identified the Almanac of Boosting Heat
 19885 | D:11     | Found a staircase to the Orcish Mines.
 19994 | D:11     | Reached XP level 15. HP: 94/94 MP: 17/17
 20032 | D:11     | Found Efuybuuj's Food Shoppe.
 20530 | D:12     | Reached skill level 15 in Shields
 21590 | D:13     | Found a shimmering altar of Xom.
 21591 | D:13     | Found a shimmering altar of Xom.
 21599 | D:13     | Found a shimmering altar of Xom.
 21599 | D:13     | Found a shimmering altar of Xom.
 21685 | D:13     | Found Rigin's Weapon Boutique.
 21705 | D:13     | Bought the cursed +2 flail of Laceration {drain, rPois rC+ MP+9} for 472 gold pieces
 22163 | D:14     | Reached skill level 5 in Invocations
 22411 | D:14     | Found a gate to the Vaults.
 23446 | D:15     | Entered Level 15 of the Dungeon
 23473 | D:15     | Reached XP level 16. HP: 60/101 MP: 20/20
 23658 | D:15     | Reached skill level 16 in Shields
 24731 | D:15     | Found a staircase to the Depths.
 25224 | Orc:1    | Entered Level 1 of the Orcish Mines
 25488 | Orc:2    | Entered Level 2 of the Orcish Mines
 25493 | Orc:2    | Found a staircase to the Elven Halls.
 25854 | Orc:2    | Noticed UnlimitedFusion's ghost (journeyman NaWz)
 25894 | Orc:2    | Killed UnlimitedFusion's ghost
 26239 | Orc:2    | Found Eseoz's Weapon Boutique.
 26239 | Orc:2    | Found Inenawiasi's Food Shoppe.
 26241 | Orc:2    | Found Kaparir's Weapon Boutique.
 26241 | Orc:2    | Found Utzas's Armour Shoppe.
 26247 | Orc:2    | Bought the +8 whip of Isaciar {slash, rN+ Dex+2} for 650 gold pieces
 26250 | Orc:2    | Bought a +2 plate armour of fire resistance for 400 gold pieces
 26452 | Orc:1    | Noticed heinrich's ghost (novice TrMo)
 26486 | Orc:1    | Killed heinrich's ghost
 26786 | Orc:1    | Found a roughly hewn altar of Beogh.
 27178 | Swamp:1  | Entered Level 1 of the Swamp
 27438 | Swamp:1  | Reached skill level 17 in Shields
 28464 | Swamp:2  | Found a frozen archway.
 28471 | IceCv    | Entered an ice cave
 29347 | IceCv    | Reached XP level 17. HP: 105/108 MP: 23/23
 29427 | IceCv    | Noticed an Ice Fiend
 29473 | IceCv    | HP: 1/108 [Ice Fiend (15)]
 29482 | IceCv    | HP: 3/108 [Ice Fiend/bolt of cold (13)]
 29484 | IceCv    | Slain by an Ice Fiend

Skill      XL: |  1  2  3  4  5  6  7  8  9 10 11 12 13 14 15 16 17 |
---------------+----------------------------------------------------+-----
Shields        | 4 5 6 7 9 10 11 13 14 15 17 | 17.4
Armour         | 4 5 6 7 8 9 10 11 | 11.3
Maces & Flails | 3 4 5 7 8 10 12 13 14 15 16 | 16.7
Fighting       | 4 5 6 7 8 9 10 11 12 13 | 13.0
Dodging        | 1 2 3 4 5 6 |  6.1
Invocations    | 2 6 8 |  8.5
Stealth        | |  0.2

Action                   |  1- 3 |  4- 6 |  7- 9 | 10-12 | 13-15 | 16-18 || total
-------------------------+-------+-------+-------+-------+-------+-------++-------
Melee: Flail             |   101 |   313 |   774 |       |   493 |   709 ||  2390
       Morningstar       |       |       |    29 |   611 |  1218 |       ||  1858
       Whip              |       |       |       |       |       |   481 ||   481
Invok: Upheaval          |       |       |       |       |     2 |     2 ||     4
       Elemental Force   |       |       |       |       |       |     1 ||     1
  Use: Scroll            |       |     1 |    16 |    12 |    14 |       ||    43
       Potion            |       |       |     3 |     7 |    14 |     5 ||    29
  Eat: Chunk             |       |     7 |    18 |    21 |    41 |    16 ||   103
       Meat ration       |       |       |     2 |       |       |     1 ||     3
       Pizza             |       |       |       |     1 |       |       ||     1
Armor: Scale mail        |   106 |   184 |   435 |       |       |       ||   725
       Chain mail        |       |       |     7 |   326 |   436 |   147 ||   916
       Plate armour      |       |       |       |       |       |   186 ||   186
Dodge: Dodged            |    39 |   100 |   322 |   181 |   317 |   208 ||  1167
       Deflected         |       |       |       |       |     8 |     7 ||    15
Block: Shield            |    66 |   172 |   480 |   483 |  1335 |  1049 ||  3585
